[Event "December 5 Late 2023"]
[Site "https://www.chess.com"]
[Date "2023.12.05"]
[Round "1"]
[White "Carlsen, Magnus"]
[Black "Rees, Ioan"]
[Result "1-0"]
[Board "1"]
[TimeControl "180+1"]
[WhiteFideId "1503014"]
[BlackFideId "1801236"]
[WhiteElo "3308"]
[BlackElo "2514"]
[WhiteTeam "NOR"]
[BlackTeam "WLS"]
[WhiteClock "0:02:13"]
[BlackClock "0:01:08"]

1. e4 c6 2. d4 d5 3. exd5 cxd5 4. Bf4 Nc6 5. c3 Bf5 6. Qb3 Qb6 7. Nf3 e6 8. Nbd2 Qxb3 9. axb3 Nf6 10. b4 Be7 11. Be2 O-O 12. O-O a5 13. b5 Nb8 14. Bc7 a4 15. Ne5 Nbd7 16. g4 Bg6 17. g5 Nxe5 18. gxf6 Rfc8 19. fxe7 Rxc7 20. Rxa4 Rxa4 21. e8=Q# 1-0

[Event "December 5 Late 2023"]
[Site "https://www.chess.com"]
[Date "2023.12.05"]
[Round "1"]
[White "Grutter, Tim"]
[Black "Nakamura, Hikaru"]
[Result "0-1"]
[Board "2"]
[TimeControl "180+1"]
[WhiteFideId "1057472"]
[BlackFideId "2016192"]
[WhiteElo "2514"]
[BlackElo "3238"]
[WhiteTeam "NED"]
[BlackTeam "USA"]
[WhiteClock "0:00:00"]
[BlackClock "0:01:35"]

1. e4 g6 2. d4 Bg7 3. Nc3 a6 4. g3 b5 5. Bg2 Bb7 6. a3 d6 7. Nge2 Nd7 8. O-O c5 9. Be3 Rc8 10. Qd2 Qc7 11. dxc5 dxc5 12. Rad1 Ngf6 13. Bf4 e5 14. Bh6 O-O 15. Bxg7 Kxg7 16. Nd5 Bxd5 17. exd5 Qd6 18. Nc3 b4 19. Na2 a5 20. axb4 cxb4 21. c3 b3 22. Nc1 a4 23. Nd3 Nb6 24. Nb4 Nc4 25. Qe2 Rfe8 26. Ra1 Nb6 27. Qb5 e4 28. Rfc1 Rc5 29. Qe2 Nfxd5 30. Nxd5 Rxd5 31. Rd1 Rd8 32. Rxd5 Qxd5 33. Qxe4 Qxe4 34. Bxe4 Rd2 35. Bc6 Rxb2 36. Bxa4 Ra2 37. Rb1 Nxa4 38. Rxb3 Rc2 39. Kg2 Nxc3 40. Rb4 Nd1 41. Rf4 g5 42. Rf5 Ne3+ 0-1

[Event "December 5 Late 2023"]
[Site "https://www.chess.com"]
[Date "2023.12.05"]
[Round "1"]
[White "Naroditsky, Daniel"]
[Black "Ferreira, Vitor Hugo Vieira"]
[Result "1-0"]
[Board "3"]
[TimeControl "180+1"]
[WhiteFideId "2026961"]
[BlackFideId "2119765"]
[WhiteElo "3171"]
[BlackElo "2514"]
[WhiteTeam "USA"]
[BlackTeam "BRA"]
[WhiteClock "0:01:20"]
[BlackClock "0:00:08"]

1. e4 c5 2. Nf3 d6 3. Bb5+ Nd7 4. O-O Nf6 5. Re1 a6 6. Bf1 e6 7. c3 Be7 8. d4 O-O 9. Bd3 e5 10. d5 Re8 11. Nbd2 Bf8 12. Nf1 g6 13. Ng3 Bg7 14. a4 b6 15. h3 Ra7 16. Be3 Kh8 17. Qd2 Ng8 18. Rf1 Nf8 19. a5 b5 20. b4 Rc7 21. c4 bxc4 22. Bxc4 cxb4 23. Bb6 Nd7 24. Bxc7 Qxc7 25. Qxb4 Nc5 26. Qb6 Qe7 27. Rab1 f5 28. Rfe1 Nxe4 29. Nxe4 fxe4 30. Nd2 Nf6 31. Bxa6 Bf5 32. Bb5 Rf8 33. Bc6 Nh5 34. Nf1 Qg5 35. Qe3 Nf4 36. Qg3 Qd8 37. a6 Qa5 38. Ra1 Ne2+ 39. Kh2 Qxa1 40. Rxa1 Nxg3 41. Nxg3 1-0

[Event "December 5 Late 2023"]
[Site "https://www.chess.com"]
[Date "2023.12.05"]
[Round "1"]
[White "Stojanovski, Sandi"]
[Black "Firouzja, Alireza"]
[Result "0-1"]
[Board "4"]
[TimeControl "180+1"]
[WhiteFideId "1403249"]
[BlackFideId "12573981"]
[WhiteElo "2514"]
[BlackElo "3152"]
[WhiteTeam "DEN"]
[BlackTeam "FRA"]
[WhiteClock "0:00:05"]
[BlackClock "0:00:17"]

1. d3 e5 2. Nf3 Nc6 3. g3 d5 4. Bg2 Nf6 5. O-O Be7 6. Bg5 O-O 7. Nc3 Be6 8. e4 d4 9. Bxf6 Bxf6 10. Nd5 Bxd5 11. exd5 Qxd5 12. Re1 Qb5 13. Nd2 Rae8 14. Nc4 Na5 15. a4 Qc5 16. Nxa5 Qxa5 17. Bxb7 Rb8 18. Qf3 Qb4 19. Bd5 Qxb2 20. Bb3 Qc3 21. Rab1 Rb6 22. Qd5 g6 23. Re2 Kg7 24. Ree1 h5 25. h4 Qb4 26. Qc4 Qxc4 27. Bxc4 Rfb8 28. Rb3 Rxb3 29. cxb3 Kf8 30. Kg2 Bg7 31. Rc1 c6 32. Re1 Rb7 33. f3 Rb8 34. Re2 Bf6 35. Rc2 Be7 36. Re2 Bd6 37. Kh3 Kg7 38. Rc2 c5 39. Re2 Rb7 40. Re4 f5 41. Re2 Re7 42. Kg2 Kf6 43. Bd5 g5 44. Kh3 Rg7 45. Rg2 g4+ 46. Kh2 e4 47. fxe4 f4 48. gxf4 Bxf4+ 49. Kg1 g3 50. e5+ Kxe5 51. Bf3 Be3+ 52. Kf1 Bf2 53. Bxh5 Rh7 54. Bf3 Kf4 55. Ke2 Rxh4 56. Be4 Rh8 57. Rxf2+ gxf2 58. Kxf2 Rh2+ 59. Kg1 Rb2 60. Bd5 Ke3 61. Bc4 Kd2 62. Kf2 Kc3+ 63. Kf3 Rxb3 0-1

[Event "December 5 Late 2023"]
[Site "https://www.chess.com"]
[Date "2023.12.05"]
[Round "1"]
[White "Aronian, Levon"]
[Black "Kotyk, Michael"]
[Result "1-0"]
[Board "5"]
[TimeControl "180+1"]
[WhiteFideId "13300474"]
[BlackFideId "16214501"]
[WhiteElo "3115"]
[BlackElo "2513"]
[WhiteTeam "USA"]
[BlackTeam "GER"]
[WhiteClock "0:01:26"]
[BlackClock "0:00:50"]

1. e4 e5 2. Nf3 Nc6 3. Bc4 Nf6 4. Ng5 d5 5. exd5 b5 6. Bf1 h6 7. Nf3 Qxd5 8. Nc3 Qe6 9. Bxb5 Bd7 10. O-O Bc5 11. Bxc6 Bxc6 12. d3 O-O-O 13. Be3 Bd4 14. Qe2 Qg4 15. h3 Qh5 16. Rfe1 g5 17. Ne4 Nxe4 18. dxe4 Qg6 19. Bxd4 exd4 20. Ne5 Qe6 21. Qa6+ Bb7 22. Qxe6+ fxe6 23. Nf7 1-0

[Event "December 5 Late 2023"]
[Site "https://www.chess.com"]
[Date "2023.12.05"]
[Round "1"]
[White "Senthilkumar, Pranav"]
[Black "Andreikin, Dmitry"]
[Result "0-1"]
[Board "6"]
[TimeControl "180+1"]
[WhiteFideId "2083477"]
[BlackFideId "4158814"]
[WhiteElo "2513"]
[BlackElo "3112"]
[WhiteTeam "USA"]
[BlackTeam "FID"]
[WhiteClock "0:00:28"]
[BlackClock "0:02:14"]

1. Nf3 b5 2. g3 Bb7 3. Bg2 Nf6 4. O-O e6 5. a4 b4 6. d4 c5 7. dxc5 Bxc5 8. c3 O-O 9. a5 Na6 10. Bf4 Rc8 11. Bd6 Re8 12. Bxc5 Rxc5 13. cxb4 Nxb4 14. Qd6 Rxa5 15. Qxb4 Rxa1 16. Qxb7 Qb8 17. Qxb8 Rxb8 18. Nc3 Rxf1+ 19. Bxf1 Rxb2 20. Kg2 Rb3 21. Na4 a5 22. e3 Rb4 23. Nc3 a4 24. Nd4 a3 25. Bd3 e5 26. Nde2 Rb2 27. Bc4 d5 28. Ba2 Rc2 29. Bb3 Rd2 30. Kf1 d4 31. exd4 exd4 32. Nb5 d3 33. Ned4 a2 34. Bxa2 Rxa2 0-1

[Event "December 5 Late 2023"]
[Site "https://www.chess.com"]
[Date "2023.12.05"]
[Round "1"]
[White "Nepomniachtchi, Ian"]
[Black "Shapiro, Viktor"]
[Result "1-0"]
[Board "7"]
[TimeControl "180+1"]
[WhiteFideId "4168119"]
[BlackFideId "4175700"]
[WhiteElo "3102"]
[BlackElo "2512"]
[WhiteTeam "RUS"]
[BlackTeam "RUS"]
[WhiteClock "0:01:23"]
[BlackClock "0:00:04"]

1. e4 Nf6 2. e5 Nd5 3. d4 d6 4. c4 Nb6 5. f4 dxe5 6. fxe5 c5 7. d5 g6 8. Nc3 Bg7 9. Nf3 Bg4 10. Bf4 O-O 11. h3 Bxf3 12. Qxf3 e6 13. O-O-O exd5 14. cxd5 N8d7 15. e6 Ne5 16. Qe4 f5 17. Qxe5 Bxe5 18. Bxe5 Qg5+ 19. Kb1 f4 20. Bc7 Rac8 21. Bxb6 axb6 22. Bc4 Kg7 23. d6 Rce8 24. Rhe1 b5 25. Nxb5 Qxg2 26. e7 Rh8 27. d7 f3 28. Nc7 f2 29. dxe8=N+ Kh6 30. Nd6 fxe1=Q 31. Rxe1 Qd2 32. Nf7+ Kh5 33. Rc1 Qe3 34. Nd5 Qe4+ 35. Ka1 Kh4 36. Nxh8 b5 37. Bxb5 Qxd5 38. e8=Q Qf3 1-0

[Event "December 5 Late 2023"]
[Site "https://www.chess.com"]
[Date "2023.12.05"]
[Round "1"]
[White "Bressy, Theo"]
[Black "Erigaisi Arjun"]
[Result "0-1"]
[Board "8"]
[TimeControl "180+1"]
[WhiteFideId "26022842"]
[BlackFideId "35009192"]
[WhiteElo "2507"]
[BlackElo "3100"]
[WhiteTeam "FRA"]
[BlackTeam "IND"]
[WhiteClock "0:00:16"]
[BlackClock "0:02:25"]

1. e4 g6 2. Nc3 Bg7 3. g3 d6 4. Bg2 e5 5. d3 Ne7 6. f4 Nbc6 7. Nf3 Bg4 8. h3 Bxf3 9. Qxf3 Nd4 10. Qf2 Qd7 11. Be3 c5 12. g4 b5 13. Nd5 Nxd5 14. exd5 exf4 15. Bxf4 O-O 16. O-O b4 17. Rae1 Nb5 18. b3 Rae8 19. Qg3 Bc3 20. Rxe8 Rxe8 21. Be4 Be5 22. Bxe5 Rxe5 23. h4 c4 24. bxc4 Nc3 25. Qf3 Qe7 26. h5 Nxe4 27. dxe4 Rxe4 28. hxg6 hxg6 29. c5 f5 30. cxd6 Rxg4+ 31. Qxg4 Qe3+ 32. Rf2 fxg4 33. d7 Qe7 0-1

[Event "December 5 Late 2023"]
[Site "https://www.chess.com"]
[Date "2023.12.05"]
[Round "1"]
[White "Nihal Sarin"]
[Black "Rodriguez Fontecha, Marcos"]
[Result "1-0"]
[Board "9"]
[TimeControl "180+1"]
[WhiteFideId "25092340"]
[BlackFideId "2256576"]
[WhiteElo "3088"]
[BlackElo "2506"]
[WhiteTeam "IND"]
[BlackTeam "ESP"]
[WhiteClock "0:01:52"]
[BlackClock "0:00:59"]

1. d4 d5 2. c3 Bf5 3. Nf3 e6 4. Bf4 Bd6 5. Bg3 Nf6 6. Nbd2 c6 7. e3 O-O 8. Be2 Qc7 9. O-O Nbd7 10. Rc1 e5 11. dxe5 Nxe5 12. Nd4 Bg6 13. c4 dxc4 14. Nxc4 Nxc4 15. Bxc4 Bxg3 16. hxg3 Qb6 17. Qb3 Ne4 18. Rfd1 Rad8 19. a3 Nc5 20. Qxb6 axb6 21. f3 Na4 22. b4 Nb2 23. Rd2 Nxc4 24. Rxc4 Ra8 25. Rc3 Rfd8 26. Kf2 Rd5 27. e4 Rd7 28. Ke3 Rad8 29. Nb3 f6 30. Rxd7 Rxd7 31. g4 Kf8 32. Nd4 Ke7 33. a4 Bf7 34. a5 bxa5 35. bxa5 Rd8 36. a6 Rb8 37. Rxc6 bxa6 38. Rxa6 Rb7 39. Nf5+ Kf8 40. Ra8+ 1-0

[Event "December 5 Late 2023"]
[Site "https://www.chess.com"]
[Date "2023.12.05"]
[Round "1"]
[White "Hnydiuk, Aleksander"]
[Black "Bortnyk, Olexandr"]
[Result "0-1"]
[Board "10"]
[TimeControl "180+1"]
[WhiteFideId "1109057"]
[BlackFideId "14120828"]
[WhiteElo "2502"]
[BlackElo "3083"]
[WhiteTeam "POL"]
[BlackTeam "UKR"]
[WhiteClock "0:00:00"]
[BlackClock "0:00:04"]

1. d4 g6 2. c4 Bg7 3. Nf3 d6 4. Nc3 Nf6 5. g3 O-O 6. Bg2 Bf5 7. Nh4 Bc8 8. O-O Nc6 9. Nf3 Bf5 10. Ne1 Qc8 11. e4 Bh3 12. f3 Bxg2 13. Kxg2 e5 14. d5 Nd4 15. Nc2 Nd7 16. Be3 Nxc2 17. Qxc2 f5 18. b4 f4 19. Bg1 fxg3 20. hxg3 Bh6 21. c5 a6 22. Nd1 Qd8 23. Ne3 Bxe3 24. Bxe3 Nf6 25. Rac1 Rf7 26. a4 Qe8 27. Qb3 Nh5 28. b5 axb5 29. axb5 dxc5 30. b6 cxb6 31. Qxb6 Ra2+ 32. Rf2 Ra3 33. Qxc5 Ra8 34. Qd6 Rd7 35. Qb4 Nf6 36. Rfc2 Kg7 37. Rc7 Ra2+ 38. Bf2 Qf7 39. Qxb7 Kh6 40. Rxd7 Nxd7 41. Rc7 Ra3 42. f4 exf4 43. Rxd7 f3+ 44. Kh2 Qg8 45. Qc7 g5 46. Qd6+ Kh5 47. Qe6 Qxe6 48. dxe6 Ra4 49. e7 Rxe4 0-1

[Event "December 5 Late 2023"]
[Site "https://www.chess.com"]
[Date "2023.12.05"]
[Round "1"]
[White "Caruana, Fabiano"]
[Black "Baches Garcia, Guillermo"]
[Result "1-0"]
[Board "11"]
[TimeControl "180+1"]
[WhiteFideId "2020009"]
[BlackFideId "2209764"]
[WhiteElo "3080"]
[BlackElo "2502"]
[WhiteTeam "USA"]
[BlackTeam "ESP"]
[WhiteClock "0:02:03"]
[BlackClock "0:00:44"]

1. b3 d5 2. Bb2 Bf5 3. e3 e6 4. Ne2 h6 5. d3 Nf6 6. Nd2 Bh7 7. g3 c6 8. Bg2 a5 9. a3 Nbd7 10. O-O Bd6 11. Nf3 O-O 12. h3 Re8 13. c4 Nc5 14. d4 Nce4 15. Ne5 Nd7 16. Nxd7 Qxd7 17. Nf4 Qe7 18. Nd3 a4 19. c5 Bc7 20. b4 h5 21. h4 Nxg3 22. fxg3 Bxg3 23. Nf4 Qxh4 24. Qxh5 Qxh5 25. Nxh5 Bd3 26. Nxg3 Bxf1 27. Rxf1 f5 28. Ne2 g5 29. Bc3 Kg7 30. Be1 Kg6 31. Bg3 Rh8 32. Be5 Rh7 33. Kf2 g4 34. Rh1 Rxh1 35. Bxh1 Kf7 36. Bg2 Ke8 37. Nf4 Kd7 38. Bf1 Rf8 39. Bd3 Rf7 40. Bc2 Rh7 41. Kg2 Rf7 42. Bxa4 Rf8 43. Bc2 Ra8 44. a4 Rg8 45. a5 Ra8 46. Bd3 Rg8 47. a6 bxa6 48. Bxa6 Ra8 49. b5 cxb5 50. Bxb5+ Ke7 51. c6 Ra2+ 52. Kg3 Rc2 53. c7 Rc3 54. Ba6 Rxe3+ 55. Kh4 Rc3 56. c8=Q Rxc8 57. Bxc8 g3 58. Kxg3 1-0

[Event "December 5 Late 2023"]
[Site "https://www.chess.com"]
[Date "2023.12.05"]
[Round "1"]
[White "Kruckenhauser, Arthur"]
[Black "Pranav, V"]
[Result "0-1"]
[Board "12"]
[TimeControl "180+1"]
[WhiteFideId "1642812"]
[BlackFideId "25060783"]
[WhiteElo "2500"]
[BlackElo "3065"]
[WhiteTeam "AUT"]
[BlackTeam "IND"]
[WhiteClock "0:00:28"]
[BlackClock "0:00:27"]

1. d4 Nf6 2. Bf4 c5 3. e3 Nc6 4. Nc3 cxd4 5. exd4 d6 6. d5 Nb8 7. Bd3 g6 8. Qd2 Bg7 9. Bh6 O-O 10. Bxg7 Kxg7 11. Nf3 Nbd7 12. O-O Nc5 13. h3 Bd7 14. Rfe1 Rc8 15. a4 a6 16. a5 Re8 17. Nd4 Qc7 18. Bf1 e5 19. dxe6 Nxe6 20. Nxe6+ fxe6 21. Bd3 d5 22. Na4 Bc6 23. Nb6 Rcd8 24. c3 e5 25. Bc2 d4 26. cxd4 Rxd4 27. Qc3 Qd6 28. Rad1 Ne4 29. Bxe4 Rxd1 30. Bxc6 Rxe1+ 31. Qxe1 Qxc6 32. Qe3 Qc2 33. b4 Qb1+ 34. Kh2 Qxb4 35. Nd5 Qd4 36. Qb3 Qxf2 37. Qxb7+ Qf7 38. Qc6 Re6 39. Qc3 h6 40. Nc7 Qf4+ 41. g3 Qf2+ 42. Kh1 Re7 43. Nd5 Qf1+ 44. Kh2 Qe2+ 45. Kg1 Qd1+ 0-1

[Event "December 5 Late 2023"]
[Site "https://www.chess.com"]
[Date "2023.12.05"]
[Round "1"]
[White "Oparin, Grigoriy"]
[Black "Kovalevsky, Stanislav"]
[Result "1-0"]
[Board "13"]
[TimeControl "180+1"]
[WhiteFideId "24125890"]
[BlackFideId "13508598"]
[WhiteElo "3054"]
[BlackElo "2498"]
[WhiteTeam "USA"]
[BlackTeam "FID"]
[WhiteClock "0:02:02"]
[BlackClock "0:00:09"]

1. c4 c6 2. Nf3 d5 3. g3 Nf6 4. Bg2 e6 5. O-O Nbd7 6. d4 dxc4 7. a4 a5 8. Na3 Nb6 9. Qc2 Bxa3 10. Rxa3 O-O 11. e4 Qe7 12. Ne5 Rd8 13. Be3 Qb4 14. Rc1 c3 15. Rb3 Nxa4 16. Rxb4 axb4 17. bxc3 Nxc3 18. Bf3 Ra2 19. Qb3 Ne2+ 20. Bxe2 Rxe2 21. Qxb4 Nxe4 22. Ra1 f6 23. Qe7 Rf8 24. Ra8 fxe5 25. Rxc8 Rxc8 26. Qxe6+ Kf8 27. Qxc8+ Ke7 28. Qxb7+ Kd6 29. Qb8+ Kd7 30. dxe5 Ke6 31. Qe8+ Kd5 32. e6 Nd6 33. Qd7 Ke4 34. Qxd6 Kf3 35. Qxc6+ Kg4 36. Qc4+ Kh3 37. Qxe2 g6 38. Qc4 g5 39. Bxg5 h5 40. Qh4# 1-0

[Event "December 5 Late 2023"]
[Site "https://www.chess.com"]
[Date "2023.12.05"]
[Round "1"]
[White "Reprintsev, Alexander"]
[Black "Duda, Jan-Krzysztof"]
[Result "1-0"]
[Board "14"]
[TimeControl "180+1"]
[WhiteFideId "14100541"]
[BlackFideId "1170546"]
[WhiteElo "2495"]
[BlackElo "3052"]
[WhiteTeam "UKR"]
[BlackTeam "POL"]
[WhiteClock "0:00:13"]
[BlackClock "0:00:00"]

1. e4 c5 2. b3 e5 3. Bb2 Nc6 4. f4 exf4 5. Qf3 Nd4 6. Bxd4 cxd4 7. Qxf4 Qf6 8. g3 g5 9. Qf3 Bg7 10. Bc4 h6 11. a4 d6 12. Na3 a6 13. Bd5 Ne7 14. Nc4 Nxd5 15. exd5 Qd8 16. a5 O-O 17. Ne2 d3 18. Nc3 dxc2 19. O-O Bh3 20. Rfc1 g4 21. Qf4 Qg5 22. Ne2 Qxf4 23. gxf4 Bxa1 24. Rxa1 Rae8 25. Kf2 Re7 26. Rc1 Rfe8 27. Ne3 Rc7 28. Nc3 Rc5 29. b4 Rc7 30. Rxc2 h5 31. Kg3 Rce7 32. Kh4 Rxe3 33. dxe3 Rxe3 34. Kxh5 g3 35. hxg3 Bf5 36. Rc1 Rxg3 37. Ne2 Rg2 38. Nd4 Be4 39. Rc7 Bxd5 40. Nf5 Rd2 41. Kh6 Rh2+ 42. Kg5 Kh7 43. Kf6 Rf2 44. Nxd6 Rxf4+ 45. Ke5 Rxb4 46. Kxd5 Kg6 47. Rxb7 Ra4 48. Nc4 f5 49. Rb6+ Kg5 50. Rxa6 f4 51. Ra8 f3 52. Rf8 Kg4 53. Kc5 Kg3 54. Kb5 Ra1 55. Nd2 f2 56. Ne4+ Kh4 57. Nxf2 Rb1+ 58. Ka6 Rf1 59. Rf3 Kh5 60. Rf4 Kg6 61. Nd3 Rd1 62. Nc5 Rc1 63. Kb5 Kg5 64. Rb4 Kf5 65. a6 Rd1 66. a7 Rd8 67. Kb6 Ke5 68. Nb7 Rh8 69. Ra4 Ra8 70. Nc5 Kd5 71. Kb7 Rh8 72. a8=Q Rxa8 73. Kxa8 Kxc5 74. Rh4 Kb5 75. Rh6 Kc5 76. Kb7 Kb5 77. Rc6 Kb4 78. Kb6 Ka4 79. Rc4+ Ka3 80. Kc5 Kb3 81. Kd4 Kb2 82. Rc3 Ka2 83. Kd3 Kb2 84. Kd2 Ka2 85. Kc2 1-0

[Event "December 5 Late 2023"]
[Site "https://www.chess.com"]
[Date "2023.12.05"]
[Round "1"]
[White "Bortnyk, Mykola"]
[Black "Dilmukhametov, Artur"]
[Result "1-0"]
[Board "15"]
[TimeControl "180+1"]
[WhiteFideId "14120836"]
[BlackFideId "24179922"]
[WhiteElo "3031"]
[BlackElo "2493"]
[WhiteTeam "UKR"]
[BlackTeam "RUS"]
[WhiteClock "0:02:07"]
[BlackClock "0:00:04"]

1. e4 c6 2. d4 d5 3. exd5 cxd5 4. c4 Nf6 5. Nc3 Nc6 6. Bg5 Be6 7. Be2 g6 8. Bf3 Bg7 9. Bxf6 Bxf6 10. cxd5 Nxd4 11. dxe6 fxe6 12. Nge2 Nxf3+ 13. gxf3 Qb6 14. Qa4+ Kf7 15. Qb3 Qc6 16. Ne4 Rad8 17. O-O Rhf8 18. Rac1 Qa6 19. Nf4 g5 20. Nc5 Qd6 21. Qxe6+ Qxe6 22. Nfxe6 1-0

[Event "December 5 Late 2023"]
[Site "https://www.chess.com"]
[Date "2023.12.05"]
[Round "1"]
[White "Lin, Bryan Enming"]
[Black "Bluebaum, Matthias"]
[Result "0-1"]
[Board "16"]
[TimeControl "180+1"]
[WhiteFideId "30987121"]
[BlackFideId "24651516"]
[WhiteElo "2491"]
[BlackElo "3026"]
[WhiteTeam "USA"]
[BlackTeam "GER"]
[WhiteClock "0:00:38"]
[BlackClock "0:01:31"]

1. e4 e6 2. d4 d5 3. Nd2 c5 4. exd5 Qxd5 5. dxc5 Nf6 6. Ngf3 Qxc5 7. Bd3 Nbd7 8. Qe2 Qc7 9. c3 Be7 10. O-O O-O 11. Ne4 b6 12. Bg5 Bb7 13. Rfe1 Rfe8 14. Rad1 Rad8 15. Bc2 a6 16. Bh4 Nxe4 17. Bxe4 Bxh4 18. Bxb7 Bxf2+ 19. Qxf2 Qxb7 20. Qh4 Nf6 21. Rd4 Rxd4 22. Qxd4 b5 23. Rf1 Qd5 24. Qxd5 Nxd5 25. Kf2 Rd8 26. Rd1 Kf8 27. Ne5 f6 28. Nc6 Rc8 29. Nd4 Kf7 30. Kf3 Nb6 31. Rd2 Nc4 32. Re2 e5 33. Nb3 a5 34. g4 a4 35. Nc1 Rd8 36. Ke4 Rd1 37. Nd3 g6 38. Rf2 Ke7 39. b3 axb3 40. axb3 f5+ 41. gxf5 gxf5+ 42. Rxf5 Nd6+ 0-1

[Event "December 5 Late 2023"]
[Site "https://www.chess.com"]
[Date "2023.12.05"]
[Round "1"]
[White "Hakobyan, Aram"]
[Black "Bold, Andre"]
[Result "1-0"]
[Board "17"]
[TimeControl "180+1"]
[WhiteFideId "13306677"]
[BlackFideId "16208471"]
[WhiteElo "3018"]
[BlackElo "2491"]
[WhiteTeam "ARM"]
[BlackTeam "GER"]
[WhiteClock "0:00:52"]
[BlackClock "0:00:52"]

1. e4 c6 2. d4 d5 3. e5 Bf5 4. Bd3 Bxd3 5. Qxd3 Qa5+ 6. c3 e6 7. Ne2 c5 8. O-O Nc6 9. Nd2 cxd4 10. cxd4 Nge7 11. Nf3 Ng6 12. h4 Qa6 13. Qxa6 bxa6 14. Bd2 h6 15. Rfc1 Kd7 16. h5 Nge7 17. g4 Rc8 18. Nf4 Nb8 19. Nd3 Rxc1+ 20. Rxc1 Nec6 21. b4 Be7 22. a4 Rc8 23. Kg2 Nd8 24. Nc5+ Bxc5 25. dxc5 Ndc6 26. b5 Ne7 27. Nd4 axb5 28. axb5 a6 29. c6+ Nexc6 30. bxc6+ Nxc6 31. Nxc6 Rxc6 32. Rxc6 Kxc6 33. Bxh6 gxh6 34. g5 Kd7 35. gxh6 Ke7 36. h7 1-0

[Event "December 5 Late 2023"]
[Site "https://www.chess.com"]
[Date "2023.12.05"]
[Round "1"]
[White "Pasti, Aron"]
[Black "Matlakov, Maxim"]
[Result "1-0"]
[Board "18"]
[TimeControl "180+1"]
[WhiteFideId "785857"]
[BlackFideId "4168003"]
[WhiteElo "2490"]
[BlackElo "3013"]
[WhiteTeam "HUN"]
[BlackTeam "RUS"]
[WhiteClock "0:00:12"]
[BlackClock "0:00:05"]

1. e4 c5 2. Nf3 e6 3. d4 cxd4 4. Nxd4 Nc6 5. Nc3 Qc7 6. Be3 a6 7. g4 h6 8. Rg1 Nf6 9. Qd2 Ne5 10. g5 hxg5 11. Bxg5 Bb4 12. f3 Rxh2 13. Qxh2 Nd3+ 14. Bxd3 Qxh2 15. O-O-O Qc7 16. Nce2 b5 17. Bh4 Nh5 18. Rg5 g6 19. Rg4 Bb7 20. Ng3 Nxg3 21. Bxg3 Bd6 22. Bh4 Be5 23. Ne2 Rc8 24. Rh1 b4 25. Bg5 a5 26. f4 Bg7 27. Rh7 d5 28. e5 Bf8 29. Nd4 Ba6 30. Bxa6 Qb6 31. Bb5+ Rc6 32. Bxc6+ 1-0

[Event "December 5 Late 2023"]
[Site "https://www.chess.com"]
[Date "2023.12.05"]
[Round "1"]
[White "Deac, Bogdan-Daniel"]
[Black "Mazurkiewicz, Michal"]
[Result "0-1"]
[Board "19"]
[TimeControl "180+1"]
[WhiteFideId "1226380"]
[BlackFideId "1124943"]
[WhiteElo "3004"]
[BlackElo "2488"]
[WhiteTeam "ROU"]
[BlackTeam "POL"]
[WhiteClock "0:00:00"]
[BlackClock "0:00:04"]

1. b3 Nf6 2. Bb2 g6 3. Nf3 Bg7 4. g3 O-O 5. Bg2 d6 6. d4 Nbd7 7. O-O Re8 8. c4 c6 9. Nc3 e5 10. e4 exd4 11. Nxd4 Nc5 12. Qc2 Qb6 13. Rad1 Bg4 14. f3 Bd7 15. Kh1 a5 16. Nde2 a4 17. Nxa4 Nxa4 18. bxa4 Nxe4 19. Bd4 Bxd4 20. Nxd4 Nc5 21. Nb3 Bf5 22. Qd2 Nxb3 23. axb3 Qxb3 24. Qxd6 Qxc4 25. Qc7 Qb4 26. g4 Rac8 27. Qg3 Bc2 28. Rc1 Bd3 29. Rfd1 Be2 30. Rb1 Qxa4 31. Rdc1 Ba6 32. Re1 Qd4 33. f4 Rxe1+ 34. Rxe1 Rd8 35. f5 Qd6 36. Re8+ Kg7 37. Qc3+ Qd4 38. f6+ Kxf6 39. Qf3+ Kg7 40. Re1 Qf6 41. Qg3 Rd7 42. g5 Qd6 43. Qc3+ Qd4 44. Qg3 Qd6 45. Qc3+ Qd4 46. Qg3 Bc4 47. h4 Bd5 48. Bxd5 Qxd5+ 49. Kh2 Qd6 50. Re5 Re7 51. Rxe7 Qxe7 52. Qc3+ f6 53. Kg1 Qe5 0-1

[Event "December 5 Late 2023"]
[Site "https://www.chess.com"]
[Date "2023.12.05"]
[Round "1"]
[White "Novik, Maxim"]
[Black "Sarana, Alexey"]
[Result "0-1"]
[Board "20"]
[TimeControl "180+1"]
[WhiteFideId "4102924"]
[BlackFideId "24133795"]
[WhiteElo "2487"]
[BlackElo "3002"]
[WhiteTeam "LTU"]
[BlackTeam "SRB"]
[WhiteClock "0:00:15"]
[BlackClock "0:01:38"]

1. e4 c5 2. Nf3 d6 3. d4 Nf6 4. Nc3 cxd4 5. Nxd4 a6 6. a4 e5 7. Nf3 Be7 8. Bc4 Be6 9. Qe2 Nbd7 10. O-O Rc8 11. Bxe6 fxe6 12. Ng5 Nc5 13. b4 h6 14. bxc5 hxg5 15. cxd6 Qxd6 16. Bd2 g4 17. Rab1 Qc6 18. Rfd1 Bc5 19. Rb3 O-O 20. Be3 Rf7 21. Bxc5 Qxc5 22. Rd3 Rcf8 23. h3 Nh5 24. Qxg4 Rxf2 25. Kh2 Rxg2+ 26. Kxg2 Qf2+ 27. Kh1 Qe1+ 28. Qg1 Rf1 29. Kh2 Rxg1 0-1

[Event "December 5 Late 2023"]
[Site "https://www.chess.com"]
[Date "2023.12.05"]
[Round "1"]
[White "Tari, Aryan"]
[Black "sina101"]
[Result "1-0"]
[Board "21"]
[TimeControl "180+1"]
[WhiteFideId "1510045"]
[WhiteElo "3000"]
[BlackElo "2486"]
[WhiteTeam "NOR"]
[WhiteClock "0:00:46"]
[BlackClock "0:00:09"]

1. Nc3 d5 2. Nf3 Nf6 3. g3 Bg4 4. Bg2 Nbd7 5. d4 e6 6. O-O Be7 7. h3 Bxf3 8. Bxf3 O-O 9. e4 dxe4 10. Nxe4 Nxe4 11. Bxe4 c6 12. c3 Bf6 13. h4 Qc7 14. Qf3 Rad8 15. Kg2 Rfe8 16. Bg5 h6 17. Be3 e5 18. d5 cxd5 19. Bxd5 b6 20. Rad1 Rc8 21. Qg4 Nf8 22. Bxh6 Red8 23. Be3 Rd7 24. h5 Rcd8 25. c4 Kh8 26. Qf3 Rd6 27. Bxf7 Qxf7 28. Rxd6 Rxd6 29. b3 Ne6 30. Rh1 Qe7 31. h6 g6 32. Qg4 Kh7 33. Bc1 Bg5 34. Ba3 Qd7 35. Bxd6 Nf4+ 36. Qxf4 exf4 37. Rd1 Qc6+ 38. Rd5 fxg3 39. Bxg3 Bf6 40. f3 Kxh6 41. Rd6 Qc5 42. Rxf6 Qd4 43. Rd6 Qb2+ 44. Kh3 Qc2 45. Rd5 Kg7 46. Bh4 Kf7 47. Re5 Qc3 48. Re7+ Kf8 49. Kg3 Qd3 50. Re5 Qd6 51. Be7+ Qxe7 52. Rxe7 Kxe7 53. Kg4 Kf6 54. f4 a6 55. b4 a5 56. bxa5 bxa5 57. c5 Ke6 58. Kg5 Kd5 59. Kxg6 Kxc5 60. f5 Kb4 61. f6 Ka3 62. f7 Kxa2 63. f8=Q a4 64. Qb4 a3 65. Kf5 Ka1 66. Qxa3+ 1-0

[Event "December 5 Late 2023"]
[Site "https://www.chess.com"]
[Date "2023.12.05"]
[Round "1"]
[White "Minko, Dmitry"]
[Black "Xiong, Jeffery"]
[Result "0-1"]
[Board "22"]
[TimeControl "180+1"]
[WhiteFideId "24188468"]
[BlackFideId "2047640"]
[WhiteElo "2484"]
[BlackElo "3000"]
[WhiteTeam "FID"]
[BlackTeam "USA"]
[WhiteClock "0:00:33"]
[BlackClock "0:02:01"]

1. e4 c5 2. Nf3 d6 3. d4 cxd4 4. Nxd4 Nf6 5. Nc3 a6 6. f3 Nbd7 7. Be3 e6 8. Qd2 b5 9. O-O-O Bb7 10. Kb1 Be7 11. h4 h5 12. Rg1 Ne5 13. a3 Rc8 14. g3 d5 15. exd5 Nxd5 16. Nxd5 Bxd5 17. f4 Ng4 18. Bg2 O-O 19. f5 Bxg2 20. Rxg2 e5 0-1

[Event "December 5 Late 2023"]
[Site "https://www.chess.com"]
[Date "2023.12.05"]
[Round "1"]
[White "Paravyan, David"]
[Black "Villa Tornero, Alex"]
[Result "1-0"]
[Board "23"]
[TimeControl "180+1"]
[WhiteFideId "4194985"]
[BlackFideId "54501091"]
[WhiteElo "2999"]
[BlackElo "2484"]
[WhiteTeam "FID"]
[BlackTeam "ESP"]
[WhiteClock "0:02:09"]
[BlackClock "0:01:01"]

1. e4 c5 2. Nf3 e6 3. d4 cxd4 4. Nxd4 a6 5. c3 d6 6. g3 Nf6 7. Bg2 Be7 8. O-O O-O 9. c4 Qc7 10. b3 Nbd7 11. Bb2 b6 12. e5 dxe5 13. Bxa8 exd4 14. Bxd4 Bb7 15. Bxb7 Qxb7 16. Nd2 Rd8 17. Qf3 Qc7 18. Rad1 e5 19. Be3 Kh8 20. Ne4 Qc6 21. Nxf6 Qxf3 22. Nxd7 Qg4 23. Nxe5 Qxd1 24. Rxd1 Rxd1+ 25. Kg2 Kg8 26. Bxb6 Ra1 27. c5 Bf6 28. Nc4 Rxa2 29. c6 1-0